 Dungeon Crawl Stone Soup version 0.31-a0-152-g6aa68a64a1 (webtiles) character file.

Game seed: 452790351331787305

220 qw the Chopper (level 5, -2/33 HPs)
             Began as a Gargoyle Fighter on June 11, 2023.
             Splashed by a jelly's acid (10 damage)
             ... on level 4 of the Dungeon.
             The game lasted 00:01:33 (3233 turns).

qw the Chopper (Gargoyle Fighter)                   Turns: 3233, Time: 00:01:33

Health: -2/33      AC:  1    Str: 22    XL:     5   Next: 97%
Magic:  5/5        EV:  6    Int:  8    God:
Gold:   193        SH:  4    Dex:  9    Spells: 4/4 levels left

rFire   . . .        Y - +0 war axe
rCold   . . .        c - +0 buckler
rNeg    + . .        l - +0 plate armour
rPois   inf          (no helmet)
rElec   +            (no cloak)
rCorr   .            (no gloves)
SInv    .            a - +1 pair of boots of the End {Will+}
Will    +....        (no amulet) Stlth
                     (no ring)
HPRegen 0.25/turn    (no ring)
MPRegen 0.09/turn

%: no passive effects
@: corroded
A: sickness immunity, AC +4, negative energy resistance 1, electricity
resistance, torment resistance 1, petrification resistance
a: no special abilities


You were on level 4 of the Dungeon.
You visited 1 branch of the dungeon, and saw 4 of its levels.

You collected 193 gold pieces.


Innate Abilities, Weirdness & Mutations

You are immune to sickness and miasma.
Your stone body is resilient. (AC +4)
You are immune to poison.
You resist negative energy. (rN+)
You are resistant to electric shocks. (rElec)
You are resistant to unholy torment.
You are immune to petrification.


   Skills:
 + Level 3.6 Fighting
 - Level 5.3 Axes
 - Level 3.2 Armour
 - Level 3.2 Shields


You had 4 spell levels left.
You didn't know any spells.
Your spell library was empty.

Inventory:

Hand Weapons
 m - a +0 whip
 Y - a +0 war axe (weapon)
Armour
 a - the +1 pair of boots of the End (worn) {Will+}
   (You acquired it on level 1 of the Dungeon)

   Will:      It increases your willpower.
 c - a +0 buckler (worn)
 e - a +0 cloak
 l - a +0 plate armour (worn)
Jewellery
 i - a +5 ring of evasion
Scrolls
 b - 2 scrolls of identify
 n - a scroll of noise {unknown}
Potions
 d - 3 potions of might
 f - a potion of lignification
 h - 2 potions of magic {unknown}
 j - a potion of haste {unknown}
 k - a potion of curing {unknown}

Dungeon Overview and Level Annotations

Branches:
Dungeon (4/15)
 Temple: D:4-7

Altars:
Cheibriados
Gozag
Makhleb


Message History

You barely miss the adder.
The adder is moderately wounded.
The adder bites you but does no damage.
You hit the adder.
The adder is heavily wounded.
The adder bites you but does no damage. x2
You closely miss the adder.
The adder is heavily wounded.
The adder bites you but does no damage.
You miss the adder.
The adder is heavily wounded.
The adder barely misses you. The adder bites you but does no damage.
You slash the adder!
You kill the adder!
You open the door.
There is an open door here.
A jelly comes into view.
The jelly quivers.
Enter note:
Enter note:
Enter note:
Enter note:
Enter note:
Enter note: You hit the jelly.
Your hands burn!
The jelly is lightly wounded.
You block the jelly's attack. The jelly hits you but does no damage.
You hit the jelly. The acid corrodes you!
Your hands burn!
The jelly is moderately wounded.
You block the jelly's attack.
You hit the jelly. The acid corrodes you!
Your hands burn!
The jelly is heavily wounded.
You block the jelly's attack.
You hit the jelly but do no damage. The acid corrodes you!
Your hands burn!
The jelly is heavily wounded.
The jelly hits you.
You are splashed with acid!
You hit the jelly.
Your hands burn!
The jelly is almost dead.
The jelly hits you. The acid corrodes you!
You are splashed with acid!
You die...

#.# #...#.## #.# #.....## ##+#
#.# #....... ##...## ##.##
#####.### ##.....## ##.#.##
#......# ##.......## ##.###.#
#.###..#
#.[.?.....####...#.######.##...##
+.........'...........[..........
#.........####.#@..######.##...##
#.......## #..J### # #...#
##.....## ##.## # #.#.# ##...##
#.# ####.##.#.# ##'## #.#
#.........# #.# #.# .#####.###
#.# #.# #.# ##.## #. #.# ##...##
##.##


You could see a jelly.

Vanquished Creatures
  A black bear (D:4)
  5 adders
  4 worms
  2 dart slugs (D:1)
  3 bats
  9 endoplasms
  2 giant cockroaches (D:2)
  6 goblins
  7 hobgoblins
  2 quokkas (D:2)
  10 ball pythons
  6 frilled lizards
  7 kobolds
  7 rats
71 creatures vanquished.

Notes
Turn   | Place    | Note
-------+----------+-------------------------------------------
     0 | D:1      | qw the Gargoyle Fighter began the quest for the Orb.
     0 | D:1      | Reached XP level 1. HP: 14/14 MP: 1/1
     0 | D:1      | 0 ||| qw: Version: 0.2-a-29-g99eb96e
     0 | D:1      | 0 ||| qw: Game counter: 4096
     0 | D:1      | 0 ||| qw: Always use a shield: true
     0 | D:1      | 0 ||| qw: God list: Okawaru
     0 | D:1      | 0 ||| qw: Allow faded altars: false
     0 | D:1      | 0 ||| qw: Do Orc after D:15 true
     0 | D:1      | 0 ||| qw: Do second Lair branch before Depths: true
     0 | D:1      | 0 ||| qw: Lair rune preference: random
     0 | D:1      | 0 ||| qw: Plans: Normal, Zot:1-4, Slime:5, God:TSO, Crypt,
                  | Tomb, Abyss, Pan, Hells, Win
     0 | D:1      | 0 ||| PLANNING D:1-11
     8 | D:1      | Reached skill level 2 in Axes
    23 | D:1      | 23 ||| FLEEEEING.
    27 | D:1      | 27 ||| Stepping ~*~*~tactically~*~*~ (stealth).
    66 | D:1      | 66 ||| Stepping ~*~*~tactically~*~*~ (stealth).
    69 | D:1      | 69 ||| Stepping ~*~*~tactically~*~*~ (stealth).
    85 | D:1      | Reached XP level 2. HP: 19/19 MP: 2/2
   279 | D:1      | 279 ||| FLEEEEING.
   280 | D:1      | 280 ||| FLEEEEING.
   281 | D:1      | 281 ||| FLEEEEING.
   282 | D:1      | 282 ||| FLEEEEING.
   340 | D:1      | Reached skill level 3 in Axes
   464 | D:1      | Reached XP level 3. HP: 21/23 MP: 3/3
   592 | D:1      | 592 ||| READING scroll labelled CAN CYP UZIENT.
   595 | D:1      | 595 ||| READING scroll labelled RUWNEMUNUTT.
   596 | D:1      | 596 ||| READING scroll labelled GOFETA QUGERPHU.
   596 | D:1      | Identified a scroll of acquirement
   596 | D:1      | 596 ||| ACQUIRING +1 pair of boots of the End {Will+}
   596 | D:1      | Acquired the +1 pair of boots of the End {Will+}
   598 | D:1      | 598 ||| UPGRADING to +1 pair of boots of the End {Will+}.
   603 | D:1      | 603 ||| READING scroll labelled XUG ICZUNUKH.
   604 | D:1      | 604 ||| DRINKING 2 green potions.
   749 | D:2      | Found an opulent altar of Gozag.
   974 | D:2      | 974 ||| Stepping ~*~*~tactically~*~*~ (hiding).
   975 | D:2      | 975 ||| Stepping ~*~*~tactically~*~*~ (hiding).
  1231 | D:2      | Reached XP level 4. HP: 28/28 MP: 4/4
  1483 | D:2      | Reached skill level 4 in Axes
  1583 | D:2      | 1583 ||| Stepping ~*~*~tactically~*~*~ (stealth).
  1584 | D:2      | 1584 ||| Stepping ~*~*~tactically~*~*~ (stealth).
  1637 | D:2      | 1637 ||| UPGRADING to +0 plate armour.
  1647 | D:2      | 1647 ||| DROPPING +0 scale mail.
  1648 | D:2      | 1648 ||| READING scroll labelled PIUHEOL KAECAT.
  1649 | D:2      | 1649 ||| READING scroll labelled WITTUORU HEHIA.
  1650 | D:2      | 1650 ||| READING scroll labelled VIAPAPP DEGE.
  1651 | D:2      | 1651 ||| READING 3 scrolls labelled FUEROI VAEST.
  1652 | D:2      | 1652 ||| DROPPING 2 scrolls of amnesia.
  2259 | D:3      | Found a snail-covered altar of Cheibriados.
  2631 | D:3      | 2631 ||| READING 2 scrolls labelled VANEOR YNARUG.
  2632 | D:3      | 2632 ||| DRINKING 2 fuming inky potions.
  2635 | D:3      | 2635 ||| DROPPING potion of ambrosia.
  2772 | D:4      | 2772 ||| DROPPING +0 club.
  2831 | D:4      | Noticed a black bear
  2838 | D:4      | Killed a black bear
  2839 | D:4      | Reached skill level 5 in Axes
  2839 | D:4      | Reached XP level 5. HP: 30/32 MP: 5/5
  3141 | D:4      | Found a burning altar of Makhleb.
  3233 | D:4      | HP: 8/33 [jelly (3)]
  3233 | D:4      | Splashed by a jelly's acid

Levels and vault maps discovered:
D:1:      onia_arrival_handbag, layout_rooms, nicolae_figureground_pulse
D:2:      layout_basic, basic_altar
D:3:      layout_basic, general_overflow_altar
D:4:      black_bear_nest_1, layout_loops_corners, lemuel_round_altar,
          ebering_ghost_rock_garden

Skill      XL: |  1  2  3  4 |
---------------+-------------+-----
Axes           | 2 3 5 |  5.3
Fighting       | |  3.6
Armour         | |  3.2
Shields        | |  3.2

Action                     |  1- 3 |  4- 6 || total
---------------------------+-------+-------++-------
  Melee: War axe           |   108 |   101 ||   209
  Throw: Boomerang         |       |    24 ||    24
    Use: Scroll            |     4 |     5 ||     9
         Potion            |     1 |     1 ||     2
 Armour: Scale mail        |    52 |    14 ||    66
         Plate armour      |       |    49 ||    49
  Dodge: Dodged            |    39 |    34 ||    73
  Block: Buckler           |    15 |    22 ||    37

Table legend:
 A = Non-vault XP
 B = Vault XP
 C = Vault XP percentage of total XP
 D = Non-vault monster count
 E = Vault monster count
 F = Vault count percentage of total count
                 A         B        C        D         E       F
            +---------+---------+-------+---------+---------+-------
      Total |     182 |     133 |  42.2 |      66 |       5 |   7.0
            +---------+---------+-------+---------+---------+-------
        D:1 |      32 |       5 |  13.5 |      17 |       4 |  19.0
        D:2 |      69 |       0 |   0.0 |      29 |       0 |   0.0
        D:3 |      31 |       0 |   0.0 |      11 |       0 |   0.0
        D:4 |      50 |     128 |  71.9 |       9 |       1 |  10.0
            +---------+---------+-------+---------+---------+-------
